 Dungeon Crawl Stone Soup version 0.26.1-11-gd32895ea62 (webtiles) character file.

Game seed: 7209424565493154689

57701 Cheops the Covert (level 15, -1/86 HPs)
             Began as a Kobold Earth Elementalist on July 14, 2021.
             Was a High Priest of Vehumet.
             Slain by a sixfirhy (3 damage)
             ... summoned by Frances
             ... on level 13 of the Dungeon.
             The game lasted 02:37:48 (38327 turns).

Cheops the Covert (Kobold Earth Elementalist)      Turns: 38327, Time: 02:37:48

Health: -1/86      AC:  9    Str: 10    XL:     15   Next: 27%
Magic:  8/33       EV: 19    Int: 20    God:    Vehumet [*****.]
Gold:   1516       SH:  0    Dex: 14    Spells: 4/26 levels left

rFire    . . .     SeeInvis .   a - staff of earth {!a}
rCold    . . .     Faith    .   (shield currently unavailable)
rNeg     + . .     Spirit   .   h - +2 robe of the Hippo {Rampage Int+2 Dex-2}
rPois    .         Reflect  .   X - +1 helmet of Cloud Cover {rN+}
rElec    +         Harm     .   E - +1 cloak
rCorr    .         Rampage  +   C - +1 pair of gloves
Will     +++..                  D - +1 pair of boots
Stlth    ++++++++..             W - amulet "Kokhamy" {*Corrode rElec Will++ Regen+ Stlth+}
HPRegen  0.64/turn              G - +4 ring of evasion
MPRegen  0.23/turn              O - ring of magical power

@: corroded
A: small, nightstalker 3
a: Renounce Religion


You were on level 13 of the Dungeon.
You worshipped Vehumet.
Vehumet was extremely pleased with you.
You visited 3 branches of the dungeon, and saw 20 of its levels.
You also visited: Bailey and Volcano.

You collected 1516 gold pieces.

Inventory:

Hand Weapons
 b - a +5 dagger of venom
 c - a +0 antimagic dagger
 d - a +1 vampiric short sword
Missiles
 l - 330 stones
Armour
 h - the +2 robe of the Hippo (worn) {Rampage Int+2 Dex-2}
   (You found it on level 3 of the Lair of Beasts)

   It affects your intelligence (+2).
   It affects your dexterity (-2).
   It bestows one free step when moving towards enemies.
 y - a +2 robe of fire resistance
 C - a +1 pair of gloves (worn)
 D - a +1 pair of boots (worn)
 E - a +1 cloak (worn)
 F - a +1 buckler
 X - the +1 helmet of Cloud Cover (worn) {rN+}
   (You found it in a volcano)

   It protects you from negative energy.
Magical Staves
 a - an uncursed staff of earth (weapon) {!a}
Jewellery
 g - an uncursed amulet of reflection
 i - an uncursed ring of flight
 q - an uncursed ring of see invisible
 u - an uncursed ring of resist corrosion
 A - an uncursed ring of poison resistance
 G - a +4 ring of evasion (left hand)
 O - a ring of magical power (right hand)
 U - an uncursed ring of protection from fire
 V - an uncursed amulet of magic regeneration
 W - the amulet "Kokhamy" (around neck) {*Corrode rElec Will++ Regen+ Stlth+}
   (You took it off a kobold in a bailey)

   [amulet of regeneration]

   It insulates you from electricity.
   It affects your willpower, your defense against some magical effects.
   It increases your rate of regeneration.
   It may corrode you when you take damage.
   It makes you more stealthy.
Wands
 j - a wand of enslavement (7)
 p - a wand of iceblast (11)
 t - a wand of paralysis (19)
 w - a wand of disintegration (17)
 H - a wand of polymorph (14)
 K - a wand of digging (4)
 L - a wand of flame (113)
Scrolls
 f - a scroll of summoning
 k - 2 scrolls of fear
 s - 11 scrolls of remove curse
 v - 5 scrolls of teleportation
 I - 3 scrolls of magic mapping
 J - a scroll of immolation
 R - a scroll of acquirement
 S - a scroll of fog
Potions
 m - a potion of cancellation
 n - 5 potions of heal wounds
 o - 5 potions of haste
 r - 10 potions of ambrosia
 x - 2 potions of magic
 z - 3 potions of mutation
 N - 4 potions of berserk rage
 P - a potion of lignification
 Q - 6 potions of curing
 T - 2 potions of might
 Y - 5 potions of brilliance
Miscellaneous
 Z - a phantom mirror


   Skills:
 - Level 7.0 Fighting
 - Level 10.0 Short Blades
 - Level 5.0 Armour
 - Level 2.4 Dodging
 - Level 14.2 Stealth
 - Level 6.0 Shields
 + Level 6.3 Spellcasting
 - Level 11.0 Conjurations
 - Level 10.1 Transmutations
 - Level 11.0 Earth Magic
 - Level 5.0 Evocations


You had 4 spell levels left.
You knew the following spells:

 Your Spells              Type           Power        Failure   Level
a - Sandblast             Erth           100%         1%          1
b - Stone Arrow           Conj/Erth      100%         1%          3
d - Lee's Rapid Deconstr  Erth           33%          1%          5
p - Petrify               Tmut/Erth      64%          1%          4
P - Passwall              Tmut/Erth      53%          1%          2
S - Spellforged Servitor  Conj/Summ      14%          89%         7

Your spell library contained the following spells:

 Spells                   Type           Power        Failure   Level
 Foxfire                  Conj/Fire      100%         1%          1
 Sting                    Tmut/Pois      100%         1%          1
 Mephitic Cloud           Conj/Pois/Air  20%          1%          3
 Ignite Poison            Fire/Tmut/Pois 19%          2%          3
 Inner Flame              Hex/Fire       6%           9%          3
 Apportation              Tloc           12%          11%         1
 Corona                   Hex            6%           11%         1
 Leda's Liquefaction      Hex/Erth       21%          11%         4
 Ice Form                 Ice/Tmut       26%          13%         4
 Poisonous Vapours        Pois/Air       12%          16%         2
 Slow                     Hex            6%           16%         2
 Olgreb's Toxic Radiance  Pois           6%           26%         4
 Confusing Touch          Hex            6%           30%         3
 Gell's Gravitas          Tloc           3%           30%         3
 Lesser Beckoning         Tloc           3%           30%         3
 Portal Projectile        Hex/Tloc       12%          30%         3
 Tukima's Dance           Hex            6%           30%         3
 Cause Fear               Hex            3%           71%         4
 Yara's Violent Unravell  Hex/Tmut       13%          10%         5
 Alistair's Intoxication  Tmut/Pois      17%          34%         5
 Freezing Cloud           Conj/Ice/Air   10%          63%         6
 Metabolic Englaciation   Hex/Ice        3%           96%         5
 Ozocubu's Refrigeration  Ice            3%           97%         6
 Invisibility             Hex            6%           100%        6
 Simulacrum               Ice/Necr       3%           100%        6
 Ignition                 Fire           3%           100%        8


Dungeon Overview and Level Annotations

Branches:
Dungeon (13/15)            Temple (1/1) D:4            Lair (6/6) D:9
  Swamp (0/4) Lair:2        Snake (0/4) Lair:2        Slime (0/5) Lair:6
    Orc (0/2) D:9          Bailey (visited)         Volcano (visited)
 Vaults: D:13-14

Altars:
Ashenzari
Cheibriados
Dithmenos
Elyvilon
Fedhas
Gozag
Hepliaklqana
Kikubaaqudgha
Makhleb
Nemelex Xobeh
Okawaru
Qazlal
Ru
Sif Muna
Trog
Uskayaw
Vehumet
Wu Jian
Xom
Yredelemnul
Zin
The Shining One

Annotations:
D:8 2 transporters, Joseph; alphawulf's ghost, novice GnHu
D:11 1 runed translucent door, nothank2's ghost, journeyman MiFi
D:13 Frances
Lair:6 !dire elephants


Innate Abilities, Weirdness & Mutations

You are small and have problems with some larger weapons.
You are completely attuned to the shadows.


Message History

Frances hits you with a +0 flail!
* * * LOW HITPOINT WARNING * * *
Your corrosive artefact corrodes you!
Aiming: Iceblast
Press: ? - help, Shift-Dir - straight line, f - sixfirhy, p - Frances
Aim: a sixfirhy (summoned)
The mass of ice explodes!
The iceblast engulfs the sixfirhy!
The sixfirhy is lightly wounded.
The iceblast engulfs Frances!
Frances is almost dead.
Frances hits you with a +0 flail!
* * * LOW HITPOINT WARNING * * *
The chaos spawn barely misses you.
Blink to where?
Press: ? - help, Dir - move target, p - sixfirhy
As you read the scroll of blinking, it crumbles to dust.
The sixfirhy hits you!
* * * LOW HITPOINT WARNING * * *
The sixfirhy shocks you. You resist.
You die...

#..######...........#
#..######..........##
#.............)....#############
#........................(.....##
#..............####..^..####....#
#.###########..# ##...## #.....
#.###########..# ##### #.....
#...........@4.#############.....
#.........3....3@................
#.........########.##########....
#(........# #.# #.)..
#.........########.##########....
#................................
#^.######........................
#..# #..#######..........#####
####..#######..........#####
............................


You could see Frances (fast), a sixfirhy (summoned) and a chaos spawn
(summoned).

Vanquished Creatures
  Gastronok (Lair:1)
  3 dire elephants (Lair:6)
  A boulder beetle (D:13)
  6 hydras
  2 catoblepae
  4 death yaks
  An anaconda (Lair:6)
  Sonja (Lair:4)
  2 unseen horrors
  An orc knight (Bailey)
  2 ugly things
  2 cyclopes
  A deep elf mage (D:13)
  An oklob plant (Lair:3)
  An orc sorcerer (Volcano)
  2 molten gargoyles (Volcano)
  6 elephants
  2 black mambas
  Psyche (D:8)
  5 gargoyles
  A smoke demon (Volcano)
  10 cane toads
  3 rime drakes
  12 komodo dragons
  2 red devils (Volcano)
  4 trolls
  A queen bee (Lair:2)
  A tyrant leech (Lair:2)
  A polar bear (Lair:4)
  A hornet (D:13)
  26 blink frogs
  5 dream sheep
  A meliai zombie (D:12)
  A shadow (D:11)
  4 wyverns
  A wraith (D:12)
  40 yaks
  A basilisk (Lair:2)
  2 fire bats (Volcano)
  A steam dragon (Lair:2)
  A swamp worm (Lair:2)
  A warg (D:9)
  Edmund (D:4)
  2 nagas (Lair:2)
  A hell hound (Volcano)
  24 water moccasins
  5 sky beasts
  17 orc warriors
  2 black bears
  3 ice beasts
  8 ogres
  2 necrophages
  2 phantoms
  5 wolves (Lair:4)
  2 centaurs (D:7)
  13 bullfrogs
  A wyvern skeleton (D:10)
  26 killer bees
  4 scorpions
  3 wights (D:9)
  A howler monkey (D:4)
  A centaur zombie (D:7)
  4 lava snakes (Volcano)
  4 bullfrog zombies
  2 jellies
  4 centaur skeletons
  4 hounds
  15 orc priests
  Crazy Yiuf (D:2)
  24 orc wizards
  2 bullfrog skeletons
  7 iguanas
  Natasha (thrice) (D:4)
  7 worker ants
  A worker ant zombie (D:5)
  7 gnolls
  17 adders
  3 shadow imps
  5 white imps
  An ufetubus (D:6)
  3 oozes
  An adder skeleton (D:4)
  3 worms
  2 dart slugs
  8 leopard geckos
  63 orcs
  3 ball pythons
  10 bats
  10 giant cockroaches
  7 goblins
  8 hobgoblins
  7 jackals
  24 kobolds
  7 quokkas
  4 frilled lizards
  A leopard gecko skeleton (D:4)
  5 rats
565 creatures vanquished.

Vanquished Creatures (others)
  44 fungi
  71 plants
115 creatures vanquished.

Grand Total: 680 creatures vanquished

Notes
Turn   | Place    | Note
-------+----------+-------------------------------------------
     0 | D:1      | Cheops the Kobold Earth Elementalist began the quest for
                  | the Orb.
     0 | D:1      | Reached XP level 1. HP: 10/10 MP: 3/3
    68 | D:1      | Reached skill level 3 in Stealth
   111 | D:1      | Reached XP level 2. HP: 11/15 MP: 5/5
   451 | D:1      | Reached skill level 4 in Stealth
   744 | D:1      | Reached XP level 3. HP: 19/19 MP: 6/6
  1386 | D:2      | Reached skill level 5 in Stealth
  1516 | D:2      | Reached skill level 1 in Short Blades
  1557 | D:2      | Found a white marble altar of Elyvilon.
  1586 | D:2      | Reached XP level 4. HP: 20/24 MP: 7/7
  2086 | D:2      | Found a runed translucent door.
  2089 | D:2      | Noticed Crazy Yiuf
  2314 | D:2      | Reached skill level 1 in Fighting
  2831 | D:2      | Killed Crazy Yiuf
  2832 | D:2      | Reached XP level 5. HP: 30/30 MP: 8/8
  2836 | D:2      | Learned a level 3 spell: Stone Arrow
  2839 | D:2      | Learned a level 2 spell: Passwall
  3349 | D:3      | Reached skill level 1 in Conjurations
  3393 | D:3      | Reached XP level 6. HP: 35/35 MP: 9/9
  4020 | D:3      | Found a blossoming altar of Fedhas.
  4251 | D:4      | Noticed Edmund
  4251 | D:4      | Noticed an ogre
  4358 | D:4      | Killed an ogre
  4359 | D:4      | Reached XP level 7. HP: 15/40 MP: 3/10
  4590 | D:3      | Learned a level 4 spell: Petrify
  4630 | D:4      | Found a glowing golden altar of the Shining One.
  4979 | D:4      | Found a staircase to the Ecumenical Temple.
  4987 | Temple   | Entered the Ecumenical Temple
  5122 | D:4      | Reached skill level 6 in Stealth
  5451 | D:4      | Found a shimmering blue altar of Sif Muna.
  5629 | D:4      | Noticed Natasha
  5631 | D:4      | Killed Natasha
  5676 | D:4      | Found a bloodstained altar of Trog.
  5768 | D:4      | Found an opulent altar of Gozag.
  5770 | D:4      | Found a sacrificial altar of Ru.
  5771 | D:4      | Found an ornate altar of the Wu Jian Council.
  5772 | D:4      | Found a glowing silver altar of Zin.
  5772 | D:4      | Found a radiant altar of Vehumet.
  5772 | D:4      | Found a hide-covered altar of Uskayaw.
  5851 | D:4      | Noticed Natasha
  5855 | D:4      | Killed Natasha
  5918 | D:4      | Noticed Natasha
  5922 | D:4      | Killed Natasha
  5999 | D:4      | Killed Edmund
  6000 | D:4      | Reached skill level 7 in Stealth
  6000 | D:4      | Reached skill level 5 in Earth Magic
  6000 | D:4      | Reached XP level 8. HP: 30/44 MP: 2/11
  6468 | D:4      | Found a staircase to the Ecumenical Temple.
  6576 | D:4      | Found a glowing golden altar of the Shining One.
  6853 | D:4      | Found a bloodstained altar of Trog.
  6915 | D:4      | Found an opulent altar of Gozag.
  6918 | D:4      | Found a sacrificial altar of Ru.
  6921 | D:4      | Found an ornate altar of the Wu Jian Council.
  6921 | D:4      | Found a glowing silver altar of Zin.
  6921 | D:4      | Found a hide-covered altar of Uskayaw.
  6921 | D:4      | Found a radiant altar of Vehumet.
  7034 | D:4      | Found a shimmering blue altar of Sif Muna.
  7259 | D:4      | Became a worshipper of Vehumet
  7307 | D:5      | Entered Level 5 of the Dungeon
  7480 | D:5      | Reached skill level 8 in Stealth
  8092 | D:5      | Reached skill level 5 in Conjurations
  8231 | D:5      | Found a sparkling altar of Nemelex Xobeh.
  8837 | D:6      | Reached skill level 9 in Stealth
  8837 | D:6      | Reached XP level 9. HP: 48/48 MP: 4/12
  9125 | D:6      | Reached * piety under Vehumet
  9125 | D:6      | Offered knowledge of Shock by Vehumet.
  9211 | D:6      | Reached skill level 5 in Transmutations
  9559 | D:6      | Reached skill level 10 in Stealth
 10521 | D:7      | Found a flagged portal.
 10616 | Bailey   | Entered a bailey
 11138 | Bailey   | Identified the amulet "Kokhamy" {*Corrode rElec Will++
                  | Regen+ Stlth+}
 11147 | Bailey   | Identified the cursed +1 scale mail of Yredelemnul's Fury
                  | {rF+ Will+}
 11436 | Bailey   | Noticed an orc knight
 11765 | Bailey   | Reached skill level 5 in Short Blades
 12322 | Bailey   | Killed an orc knight
 12323 | Bailey   | Reached XP level 10. HP: 53/53 MP: 14/14
 12622 | D:7      | Reached ** piety under Vehumet
 12626 | D:7      | Offered knowledge of Freeze by Vehumet.
 12819 | D:7      | Found a hide-covered altar of Uskayaw.
 13141 | D:7      | Found a shimmering blue altar of Sif Muna.
 13192 | D:7      | Identified Sif Muna's Tome of the Rocks
 13427 | D:7      | Found a shimmering altar of Xom.
 13667 | D:7      | Learned a level 5 spell: Lee's Rapid Deconstruction
 13969 | D:8      | Offered knowledge of Ignite Poison by Vehumet.
 14017 | D:8      | Found a bloodstained altar of Trog.
 14021 | D:8      | Found a transporter.
 14503 | D:8      | Noticed Joseph
 14676 | D:8      | Found a transporter.
 14676 | D:8      | Noticed alphawulf's ghost (novice GnHu)
 14848 | D:8      | Noticed Psyche
 14865 | D:8      | Killed Psyche
 15258 | D:9      | Reached *** piety under Vehumet
 15652 | D:9      | Found a shadowy altar of Dithmenos.
 15950 | D:9      | Reached XP level 11. HP: 57/57 MP: 2/15
 16163 | D:9      | Offered knowledge of Airstrike by Vehumet.
 16164 | D:9      | Reached skill level 1 in Evocations
 16741 | D:9      | Found a staircase to the Lair.
 17070 | D:9      | Found a staircase to the Orcish Mines.
 17220 | D:10     | Entered Level 10 of the Dungeon
 17242 | D:10     | Reached skill level 10 in Short Blades
 17249 | D:10     | Reached skill level 5 in Evocations
 18335 | D:11     | Noticed nothank2's ghost (journeyman MiFi)
 18347 | D:11     | Found a runed translucent door.
 18774 | D:11     | Reached **** piety under Vehumet
 18835 | D:11     | Noticed a red ugly thing
 19193 | D:11     | Offered knowledge of Fulminant Prism by Vehumet.
 19523 | D:11     | Killed a red ugly thing
 20132 | D:12     | Noticed an unseen horror
 20135 | D:12     | Killed an unseen horror
 20381 | D:12     | Reached XP level 12. HP: 49/62 MP: 12/16
 21932 | D:12     | Identified a scroll of acquirement
 22256 | D:13     | Reached skill level 1 in Shields
 22331 | D:13     | Noticed a boulder beetle
 22411 | D:13     | Killed a boulder beetle
 22533 | D:13     | Noticed an unseen horror
 22538 | D:13     | Killed an unseen horror
 22684 | D:13     | Reached ***** piety under Vehumet
 22804 | D:13     | Reached skill level 5 in Shields
 22879 | D:13     | Offered knowledge of Olgreb's Toxic Radiance by Vehumet.
 23328 | D:13     | Noticed Frances
 23459 | Lair:1   | Entered Level 1 of the Lair of Beasts
 23562 | D:9      | Reached skill level 1 in Armour
 23827 | Lair:1   | Noticed Gastronok
 23846 | Lair:1   | Killed Gastronok
 24015 | Lair:1   | Noticed a death yak
 24015 | Lair:1   | Noticed a death yak
 24219 | Lair:1   | Reached XP level 13. HP: 66/66 MP: 17/17
 24533 | Lair:1   | Reached skill level 5 in Armour
 26430 | Lair:2   | Found a dark tunnel.
 26436 | Volcano  | Entered a volcano
 26942 | Volcano  | Found a burning altar of Makhleb.
 26949 | Volcano  | Reached skill level 10 in Conjurations
 27108 | Volcano  | Reached skill level 5 in Fighting
 27170 | Volcano  | Got a shimmering helmet
 27220 | Volcano  | Identified the +1 helmet of Cloud Cover {rN+} (You found it
                  | in a volcano)
 28092 | Lair:2   | Noticed a seven-headed hydra
 28128 | Lair:2   | Noticed a catoblepas
 28140 | Lair:2   | Killed a catoblepas
 28494 | Lair:2   | Reached skill level 11 in Stealth
 29114 | Lair:2   | Found a staircase to the Snake Pit.
 29245 | Lair:2   | Noticed a seven-headed hydra
 29450 | Lair:2   | Found a staircase to the Swamp.
 29481 | Lair:2   | Killed a seven-headed hydra
 29482 | Lair:2   | Reached XP level 14. HP: 82/82 MP: 14/18
 29683 | Lair:2   | Found a staircase to the Snake Pit.
 30429 | Lair:2   | Found a staircase to the Swamp.
 30831 | Lair:3   | Reached skill level 10 in Earth Magic
 31027 | Lair:3   | Reached skill level 12 in Stealth
 31743 | Lair:3   | Reached skill level 13 in Stealth
 32325 | Lair:3   | Got an ichor-stained robe
 32336 | Lair:3   | Identified the +2 robe of the Hippo {Rampage Int+2 Dex-2}
                  | (You found it on level 3 of the Lair of Beasts)
 32599 | Lair:4   | Offered knowledge of Spellforged Servitor by Vehumet.
 33852 | Lair:4   | Noticed Sonja
 33857 | Lair:4   | Killed Sonja
 35287 | Lair:6   | Entered Level 6 of the Lair of Beasts
 35414 | Lair:6   | Found a staircase to the Slime Pits.
 35509 | Lair:6   | Reached skill level 14 in Stealth
 35631 | Lair:6   | Reached skill level 10 in Transmutations
 36034 | Lair:6   | Reached XP level 15. HP: 86/86 MP: 19/19
 36862 | Lair:6   | Learned a level 7 spell: Spellforged Servitor
 37213 | Lair:6   | Reached skill level 5 in Spellcasting
 37306 | Lair:6   | Identified the Almanac of Burning Poisoning
 38327 | D:13     | HP: 2/86 [sixfirhy[Frances] (8)]
 38327 | D:13     | Slain by a sixfirhy

Illustrated notes

Levels and vault maps discovered:
D:1:      minmay_arrival_four_loops, layout_loops_corners, st_stairs_2
D:2:      layout_loops_corners, elyvilon_altar_3, uniq_crazy_yiuf_cottage
D:3:      layout_loops_ring, fedhas_ov_isle_minmay
D:4:      layout_gridville, tso_altar, lemuel_round_altar, minitemple,
          minmay_temple_entry_proselytizer, uniq_natasha, uniq_edmund
D:5:      layout_basic, kennysheep_little_box
D:6:      layout_cave_pools
D:7:      layout_loops_ring, overflow_temple_1_default, basic_altar,
          enter_bailey_8, led_sif_book
D:8:      layout_gridville, basic_altar, gammafunk_ghost_mausoleum, uniq_psyche,
          uniq_joseph
D:9:      layout_layer_cave, nicolae_dithmenos_shadow_blocks,
          david_lair_shrubbed, david_orc_1_choice
D:10:     cheibrodos_statue_roulette, layout_basic, due_unseen_surprise
D:11:     layout_loops_ring, hellmonk_ghost_happy_afterlife
D:12:     layout_roguey
D:13:     kennysheep_tiny_hell, layout_long_grid, drop_trap, uniq_frances
Temple:   nicolae_temple_figure_zero
Lair:1:   layout_hall_layers, serial_bayou_shore_b, uniq_gastronok
Lair:2:   layout_gridlike, palyth_hydra_swamp_entry,
          guppyfry_snake_entry_garden, special_room [special_room_bee],
          enter_volcano_2
Lair:3:   nzn_winding_woodlands_stair_cross
          [nzn_winding_woodlands_5x15_split_checker,
          nzn_winding_woodlands_center_triple_pond,
          nzn_winding_woodlands_5x15_concentric,
          nzn_winding_woodlands_5x5_cross, nzn_winding_woodlands_5x5_perimeter,
          nzn_winding_woodlands_5x15_crooked,
          nzn_winding_woodlands_center_diamonds,
          nzn_winding_woodlands_5x15_twine], layout_chaotic_city,
          grunt_forest_small_clearings, serial_bayou_shore_b
Lair:4:   layout_loops_ring, uniq_sonja
Lair:5:   layout_regular_city, serial_bayou_pond_a, cheibrodos_lair_reptile_den,
          serial_bayou_shore_b
Lair:6:   due_jungle_book, layout_regular_city, dpeg_slime_entry_corner

Skill      XL: |  1  2  3  4  5  6  7  8  9 10 11 12 13 14 15 |
---------------+----------------------------------------------+-----
Stealth        | 3 4 5 7 9 10 11 14 | 14.2
Short Blades   | 2 3 6 9 10 | 10.0
Fighting       | 2 7 |  7.0
Transmutations | 2 4 5 6 9 10 | 10.1
Conjurations   | 1 3 5 7 8 10 11 | 11.0
Earth Magic    | 5 7 8 9 11 | 11.0
Spellcasting   | 3 6 |  6.3
Evocations     | 5 |  5.0
Shields        | 6 |  6.0
Armour         | 4 5 |  5.0
Dodging        | |  2.4

Action                   |  1- 3 |  4- 6 |  7- 9 | 10-12 | 13-15 || total
-------------------------+-------+-------+-------+-------+-------++-------
Melee: Short sword       |    57 |    93 |     7 |       |    10 ||   167
       Dagger            |       |     1 |    14 |   107 |    53 ||   175
       Staff             |       |       |     5 |     9 |     1 ||    15
 Cast: Sandblast         |    11 |    47 |   114 |    73 |   132 ||   377
       Stone Arrow       |       |       |    85 |   169 |   290 ||   544
       Passwall          |       |       |     6 |     7 |    10 ||    23
       Petrify           |       |       |     6 |    44 |    19 ||    69
       Lee's Rapid Decon |       |       |       |    15 |    35 ||    50
Evoke: Wand              |       |       |     3 |       |    14 ||    17
  Use: Scroll            |       |       |    18 |    21 |    13 ||    52
       Potion            |       |       |     4 |       |       ||     4
 Stab: Sleeping          |    11 |    12 |     5 |    41 |    17 ||    86
       Petrified         |       |       |     5 |    33 |    10 ||    48
       Paralysed         |       |       |     5 |       |       ||     5
Armor: Robe              |    14 |    15 |    12 |    16 |    35 ||    92
       Troll leather arm |       |       |       |     5 |    43 ||    48
Dodge: Dodged            |    44 |    67 |    30 |    89 |   262 ||   492
